Map: Newkirk Precinct TE (Void)

Players

Musumeci - Winner!

  • Race: Zerg Zerg
  • League: Diamond
  • Spawn Location: 7:00

Paramount

  • Race: Zerg Zerg
  • League: Diamond
  • Spawn Location: 5:00

VOD

Have the link to the VOD?

Description

Time

  • Played on: Jan. 9, 2017, 7:53 a.m.
  • Length: 8:10
Show
View Real Time Build Order
Export as new Build Order

Musumeci Zerg - Winner!

Build Orders: Pool First 

Get SALT Encoding   

  12  0:01  Drone  
  13  0:12  Overlord  
  13  0:18  Drone  
  14  0:24  Extractor  
  14  0:25  Drone  
  15  0:33  Drone  
  15  0:34  Drone  
  17  0:49  Spawning Pool  
  16  0:51  Drone  
  16  0:54  Extractor  
  16  0:56  Drone  
  17  1:19  Evolution Chamber  
  16  1:27  Hatchery  
  16  1:41  Queen  
  16  1:42  Drone  
  16  1:43  Drone  
  16  1:46  Drone  
  20  1:54  Overlord  
  20  2:02  Metabolic Boost  
  20  2:06  Zergling x2  
  21  2:15  Zergling x2  
  22  2:27  Queen, Drone  
  25  2:36  Drone  
  28  2:45  Drone  
  28  2:47  Drone  
  27  3:14  Zergling x2  
  27  3:15  Zergling x2  
  27  3:16  Drone x4  
  33  3:25  Hatchery  
  32  3:33  Drone  
  32  3:34  Drone  
  33  3:52  Zergling x6  
  35  3:59  Drone  
  35  4:09  Drone  
  36  4:13  Overlord x2  
  36  4:15  Overlord  
  36  4:21  Zergling x2, Baneling Nest  
  36  4:28  Lair  
  36  4:30  Extractor  
  35  4:31  Extractor  
  34  4:51  Zergling x22  
  41  4:58  Drone x4  
  45  5:02  Drone  
  45  5:03  Drone x3  
  45  5:06  Overlord  
  49  5:15  Baneling  
  48  5:42  Spire  
  47  5:44  Extractor  
  41  6:00  Zergling x16  
  45  6:12  Zergling x12  
  51  6:19  Extractor  
  50  6:30  Extractor  
  50  6:32  Drone x3  
  52  6:33  Drone x8  
  52  6:35  Queen  
  62  6:45  Spine Crawler  
  62  6:46  Spine Crawler  
  60  6:48  Spine Crawler x2  
  51  7:05  Mutalisk x7  
  59  7:28  Mutalisk x5  
  63  7:42  Zergling x2  
  63  7:43  Zergling x12  
  70  7:55  Spine Crawler  
  70  7:58  Spine Crawler  
Show
View Real Time Build Order
Export as new Build Order

Paramount Zerg 

Build Orders: Hatch First 

Get SALT Encoding   

  12  0:01  Drone  
  13  0:13  Overlord  
  13  0:19  Drone  
  14  0:32  Drone x2  
  16  0:36  Drone  
  17  0:58  Hatchery, Drone  
  17  1:01  Drone  
  18  1:05  Extractor  
  17  1:18  Spawning Pool  
  17  1:20  Drone  
  17  1:23  Extractor  
  17  1:26  Drone  
  18  1:39  Drone  
  19  1:45  Drone  
  20  1:51  Overlord  
  20  2:04  Drone  
  21  2:09  Queen  
  21  2:11  Queen, Drone  
  21  2:13  Drone  
  27  2:21  Drone  
  27  2:22  Baneling Nest  
  27  2:25  Zergling x2  
  28  2:35  Drone x2  
  30  2:42  Metabolic Boost  
  30  3:09  Queen  
  30  3:10  Zergling x8  
  36  3:13  Baneling x2  
  35  3:30  Drone x2  
  35  3:31  Overlord  
  35  3:32  Overlord x3  
  35  3:38  Overlord  
  35  3:42  Overlord  
  35  3:49  Queen  
  35  3:50  Drone  
  35  3:51  Drone x2  
  35  3:53  Baneling  
  40  4:09  Drone x3  
  43  4:10  Drone  
  43  4:11  Roach Warren  
  43  4:20  Drone x4  
  43  4:23  Extractor  
  46  4:26  Baneling x3  
  46  4:39  Drone x6  
  50  4:55  Baneling  
  50  5:03  Baneling  
  50  5:05  Drone x6  
  56  5:07  Lair  
  56  5:12  Evolution Chamber  
  55  5:15  Hatchery  
  55  5:16  Zergling x2  
  55  5:17  Zergling x4  
  58  5:35  Roach  
  58  5:36  Roach x4  
  58  5:39  Roach  
  58  5:40  Roach x2  
  72  5:55  Zerg Missile Weapons Level 1  
  71  6:04  Roach  
  71  6:05  Roach  
  75  6:11  Zergling x2  
  76  6:23  Overlord x2  
  76  6:24  Overlord x2  
  76  6:29  Extractor  
  75  6:42  Zergling x8  
  75  6:43  Zergling x16  
  87  6:56  Hatchery  
  85  7:01  Baneling x3  
  85  7:04  Baneling  
  85  7:05  Baneling x2  
  85  7:07  Zergling x6  
  88  7:15  Baneling x2  
  88  7:16  Baneling x4  
  88  7:18  Baneling x5  
  88  7:19  Baneling  
  88  7:20  Baneling x2  
  86  7:25  Zergling x18  
  86  7:29  Baneling  
  94  7:32  Drone x4  
  96  7:41  Zergling x4  
  96  7:42  Zergling x6  
  98  7:49  Hatchery  
  98  7:51  Zergling x2  
  87  7:57  Spore Crawler  
Tags
 
Add a new tag
Caveats
  • Supply blocks, unpowered buildings, or Contaminate may cause inaccurate times.
  • Supply counts are checked every 10 seconds.